 BcadrenCrawl: Boulder Brew version 0.05.21-27-ga03c02ce52 (webtiles) character file.

Game seed: 2422747247624532992, levelgen mode: deterministic

364 protoss039 the Magician (level 6, -3/32 HPs) Deep Elf Earth Elementalist. Began on July 10, 2021. Slain by a sewer rat (4 damage) ... on level 1 of the Dungeon. The game lasted 00:08:58 (1257 turns).

protoss039 the Magician (DEEE)                      Turns: 1257, Time: 00:08:59

Health: -3/32      AC:  2    Str:  5    XL:     6 ^: 213
Magic:  4/17       EV: 13    Int: 22    God:
Gold:   42         SH:  0    Dex: 15    Spells: 7/17 levels left

rFire    . . .     Vision   .   (no weapon)
rCold    . . .     Gourm    .   k - +1 dagger (freeze)
rNeg     + . .     Faith    .   b - +0 robe
rCorr    . . .     Spirit   .   (no helmet)
rPois    .         Reflect  .   (no cloak)
rElec    .         Harm     .   (no gloves)
MR       .....                  (no boots)
Stlth    ++........             (no amulet)
HPRegen  0.20/turn              f - ring of positive energy
MPRegen  0.27/turn              (no ring)

@: no status effects
A: no striking features
a: no special abilities


You were on level 1 of the Dungeon.
You were not hungry.

You visited 1 branch of the dungeon, and saw 2 of its levels.

You collected 42 gold pieces.

Inventory:

Weapons
 k - a +1 dagger of freezing (weapon)
Armour
 b - a +0 robe (worn)
Jewellery
 f - a ring of positive energy (left hand)
Scrolls
 e - 2 scrolls of teleportation
Potions
 a - a potion of berserk rage
 d - a potion of haste
 g - a potion of agility
 i - a potion of amnesia
 j - 3 potions of might
Comestibles
 c - 2 rations


   Skills:
 - Level 2.6 Dodging
 - Level 2.6 Stealth
 + Level 6.1 Spellcasting
 - Level 2.0 Transmutations
 + Level 6.1 Earth Magic


You had 7 spell levels left.
You knew the following spells:

 Your Spells              Type           Power        Failure   Level  Hunger
a - Sandblast             Erth           33 (50)      1%          1    None
b - Passwall              Tmut/Erth      24 (120)     2%          2    None
c - Stone Arrow           Erth           33 (50)      2%          3    #......
d - Petrify               Tmut/Erth      24 (100)     17%         4    ###....

Your spell library contained the following spells:

 Spells                   Type           Power        Failure   Level  Hunger
 Lee's Rapid Deconstruct  Erth           33 (200)     21%         5    #####..
 Methodical Deconstructi  Erth           33 (200)     21%         5    #####..


Dungeon Overview and Level Annotations

Branches:
Dungeon (2/8)

Altars:


Message History

Unknown command.
Casting: Sandblast (safe; 1% risk of failure)
Confirm with . or Enter, or press ? or * to list all spells.
Aiming: Sandblast (safe; 1% risk of failure)
Press: ? - help, Shift-Dir - straight line, f/p - sewer rat
Aim: a sewer rat (healthy (10/10))
The blast of sand hits the sewer rat (11)!
You kill the sewer rat!
The sewer rat bites you (5).
* * * LOW HITPOINT WARNING * * *
Unknown command.
Casting: Sandblast (safe; 1% risk of failure)
Confirm with . or Enter, or press ? or * to list all spells.
Aiming: Sandblast (safe; 1% risk of failure)
Press: ? - help, Shift-Dir - straight line, f - sewer rat
Aim: a sewer rat (healthy (12/12))
The blast of sand hits the sewer rat (3).
The sewer rat is moderately wounded. (9/12) HP The sewer rat bites you (4).
You die...

....##...........# #.....#####.##
.####............# #..⌠.....##.##
.# #.......)...####.........#.##
.####.............#......#.....##
.##...........##.........###.....
.##..........###...#..<..# ##..#.
.##..........# ##.†......###...#.
.##.....#########r#....r.#.....#.
..#...###.......@###.r.......#...
..#..............# #..⌠.....##...
..#..............# #.....#####r..
####.............#########.......
####..........#####.##.#........≈
...#..........# #.##...........
##.#....÷b....#####.##.#.##.....#
##.#...................#.##....##
..............#####............##


You could see a sewer rat.

Vanquished Creatures
  A big kobold (D:1)
  2 giant cockroaches (D:1)
  23 sewer rats
  5 cinder newts
  2 leopard geckos (D:1)
  A ball python (D:2)
  3 goblins (D:1)
  A hobgoblin (D:1)
  7 kobolds
  4 bats (D:1)
  3 rats (D:1)
52 creatures vanquished.

Vanquished Creatures (others)
  A ball python skeleton (D:2)
  21 withered plants (D:2)
22 creatures vanquished.

Grand Total: 74 creatures vanquished

Notes
Turn   | Place    | Note
-------+----------+-------------------------------------------
     0 | D:1      | protoss039 the Deep Elf Earth Elementalist began the quest
                  | for the Orb.
     0 | D:1      | Reached XP level 1. HP: 10/10 MP: 6/6
    63 | D:2      | Noticed a big kobold
    64 | D:2      | Reached XP level 2. HP: 15/15 MP: 6/8
   103 | D:1      | Killed a big kobold
   103 | D:1      | Reached XP level 3. HP: 4/19 MP: 0/10
   103 | D:1      | Reached XP level 4. HP: 5/24 MP: 0/12
   221 | D:1      | Reached skill level 5 in Earth Magic
   339 | D:1      | Reached XP level 5. HP: 28/28 MP: 12/14
   347 | D:1      | Learned a level 2 spell: Passwall
   351 | D:1      | Learned a level 3 spell: Stone Arrow
   356 | D:1      | Learned a level 4 spell: Petrify
   522 | D:1      | Reached skill level 5 in Spellcasting
  1009 | D:2      | Reached XP level 6. HP: 14/32 MP: 3/16
  1256 | D:1      | HP: 1/32 [sewer rat (5)]
  1257 | D:1      | Slain by a sewer rat

Levels and vault maps discovered:
D:1:      dpeg_arrival_arbitrary_c, layout_basic
D:2:      layout_sewer, elyvilon_niche

Skill      XL: |  1  2  3  4  5  6 |
---------------+-------------------+-----
Spellcasting   | 4 5 6 |  6.1
Earth Magic    | 4 5 6 |  6.1
Transmutations | 2 |  2.0
Dodging        | |  2.6
Stealth        | |  2.6

Action                   |  1- 3 |  4- 6 || total
-------------------------+-------+-------++-------
Melee: Unarmed           |       |    66 ||    66
       Dagger            |       |    64 ||    64
 Cast: Sandblast         |    15 |    68 ||    83
       Stone Arrow       |       |    13 ||    13
 Stab: Sleeping          |       |     1 ||     1
  Eat: Ration            |       |     1 ||     1
Armor: Robe              |     1 |    13 ||    14
Dodge: Dodged            |     2 |    97 ||    99
